 Dungeon Crawl Stone Soup version 0.19.0-22-gd96e5fe (webtiles) character file.

37 Leibowitz the Sneak (level 3, -2/26 HPs)
             Began as a Demigod Enchanter on Nov 18, 2016.
             Slain by a leopard gecko (5 damage)
             ... on level 2 of the Dungeon.
             The game lasted 00:03:28 (1863 turns).

Leibowitz the Sneak (Demigod Enchanter)             Turns: 1863, Time: 00:03:29

Health: -2/26      AC:  3    Str: 11    XL:     3   Next: 8%
Magic:  8/8        EV:  9    Int: 21    God:
Gold:   58         SH:  0    Dex: 16    Spells: 2 memorised, 2 levels left

rFire  . . .     SeeInvis .     a - +1 dagger
rCold  . . .     Gourm    .     b - +1 robe
rNeg   . . .     Faith    .     (no shield)
rPois  .         Spirit   .     (no helmet)
rElec  .         Reflect  .     (no cloak)
rCorr  .         Harm     .     (no gloves)
MR     +....                    (no boots)
Stlth  ++........               (no amulet)
                                e - ring of protection from magic
                                g - -4 ring of evasion (curse)

@: no status effects
A: high mp 1
a: no special abilities


You were on level 2 of the Dungeon.
You were not hungry.

You visited 1 branch of the dungeon, and saw 2 of its levels.

You collected 58 gold pieces.

Inventory:

Hand Weapons
 a - a +1 dagger (weapon)
Armour
 b - a +1 robe (worn)
Jewellery
 e - a ring of protection from magic (right hand)
 g - a cursed -4 ring of evasion (left hand)
Scrolls
 h - a scroll of fog {unknown}
 i - 3 scrolls of identify {unknown}
 k - a scroll of amnesia {unknown}
Potions
 j - a potion of berserk rage {unknown}
 l - a potion of brilliance {unknown}
 m - a potion of cancellation {unknown}
Books
 c - a book of Maledictions

   Spells                             Type                      Level
   a - Corona                         Hexes                        1
   b - Ensorcelled Hibernation        Hexes/Ice                    2
   c - Confuse                        Hexes                        3
   d - Tukima's Dance                 Hexes                        3
   e - Dazzling Spray                 Conjuration/Hexes            3
Comestibles
 d - a bread ration
 f - 5 fruits
 n - a meat ration
 o - a royal jelly


   Skills:
 + Level 0.1 Fighting
 + Level 1.1 Short Blades
 + Level 2.1 Dodging
 + Level 3.3 Stealth
 + Level 1.9 Spellcasting
 + Level 3.0 Hexes
 + Level 0.1 Ice Magic


You had 2 spell levels left.
You knew the following spells:

 Your Spells              Type           Power        Failure   Level  Hunger
a - Corona                Hex            ##.....      4%          1    #......
b - Ensorcelled Hibernat  Hex/Ice        #.....       12%         2    ##.....


Dungeon Overview and Level Annotations

Branches:
Dungeon (2/15)


Innate Abilities, Weirdness & Mutations

You have an increased reservoir of magic. (+10% MP)


Message History

The rat closely misses you.
You closely miss the leopard gecko.
The leopard gecko is moderately wounded.
The leopard gecko bites you. The rat closely misses you.
The dart slug bites you.
You hit the leopard gecko.
The leopard gecko is severely wounded.
The leopard gecko bites you.
* * * LOW HITPOINT WARNING * * *
The rat closely misses you.
You hit the leopard gecko but do no damage.
The leopard gecko is severely wounded.
The leopard gecko closely misses you. The dart slug bites you.
* * * LOW HITPOINT WARNING * * *
The leopard gecko closely misses you. The rat bites you.
* * * LOW HITPOINT WARNING * * *
Found an iron altar of Okawaru.
A goblin comes into view. It is wielding a dagger.
The leopard gecko bites you.
You die...

).....# #.#.........
....8.## #.##########
.......# #.# ....8..#
#.#
.......###########..
##.###........... ##
.†>#
#.........#####....
#### #.........#...g.#
#.........#@# .#
#.........#l# ..##
######.#######r#....##
..............w...._...
########.)>....###....#
#.......# ...#
#.......# ### #.......#
#............


You could see a dart slug, a leopard gecko, a goblin (sleeping) and a rat.

Vanquished Creatures
  An adder (D:2)
  A worm (D:2)
  2 dart slugs
  2 hobgoblins
  3 kobolds (D:1)
  7 bats
  3 frilled lizards (D:2)
  2 goblins (D:2)
  3 rats
24 creatures vanquished.

Notes
Turn   | Place    | Note
-------+----------+-------------------------------------------
     0 | D:1      | Leibowitz the Demigod Enchanter began the quest for the Orb.
     0 | D:1      | Reached XP level 1. HP: 14/14 MP: 5/5
   568 | D:1      | Reached XP level 2. HP: 8/20 MP: 7/7
   572 | D:1      | Learned a level 2 spell: Ensorcelled Hibernation
   826 | D:1      | Reached skill level 1 in Short Blades
  1635 | D:2      | Found a hide-covered altar of Uskayaw.
  1664 | D:2      | Reached XP level 3. HP: 15/26 MP: 5/8
  1859 | D:2      | Found an iron altar of Okawaru.
  1863 | D:2      | Slain by a leopard gecko

Skill      XL: |  1  2 |
---------------+-------+-----
Dodging        | 2 |  2.1
Short Blades   | 1 |  1.1
Hexes          | 3 |  3.0
Stealth        | 3 |  3.3
Fighting       | |  0.1
Spellcasting   | |  1.9
Ice Magic      | |  0.1

Action                   || total
-------------------------++-------
Melee: Dagger            ||    76
 Cast: Corona            ||     1
       Ensorcelled Hiber ||     9
  Use: Scroll            ||     1
 Stab: Sleeping          ||    10
  Eat: Chunk             ||     3
Armor: Robe              ||    28
Dodge: Dodged            ||    32
